[Event "Early-Titled-Tuesday-Blitz-June-18-2024"]
[Site "Chess.com"]
[Date "2024.06.18"]
[Round "11"]
[White "Adar_07"]
[Black "wonderfultime"]
[Result "0-1"]
[WhiteElo "2811"]
[BlackElo "3033"]
[TimeControl "180+1"]
[EndTime "10:05:06 PDT"]
[Termination "wonderfultime won by resignation"]

1. e4 e5 2. Nf3 Nc6 3. Bb5 a6 4. Ba4 Bc5 5. O-O Nge7 6. c3 Ng6 7. d4 Ba7 8. Bg5 f6 9. Be3 O-O 10. Nbd2 Kh8 11. h4 d6 12. h5 Nge7 13. dxe5 fxe5 14. Bxa7 Rxa7 15. Nh4 Ng8 16. g3 Qg5 17. Bxc6 bxc6 18. Qe2 Nf6 19. Qe3 Qxe3 20. fxe3 Ra8 21. h6 gxh6 22.
Nf5 Nxe4 23. Nxh6 Rxf1+ 24. Nxf1 Kg7 0-1

[Event "Early-Titled-Tuesday-Blitz-June-18-2024"]
[Site "Chess.com"]
[Date "2024.06.18"]
[Round "11"]
[White "mostafa_sakha"]
[Black "JAN2404"]
[Result "1-0"]
[WhiteElo "2396"]
[BlackElo "2070"]
[TimeControl "180+1"]
[EndTime "10:05:27 PDT"]
[Termination "mostafa_sakha won by resignation"]

1. d4 Nf6 2. c4 g6 3. Nc3 Bg7 4. e4 d6 5. Nf3 O-O 6. Be2 e5 7.
O-O Nc6 8. d5 Ne7 9. Ne1 Nd7 10.
Be3 f5 11. f3 f4 12. Bf2 Nf6 13. c5 g5 14. Rc1 Rf7 15. Nd3 a6 16. Kh1 h5 17. cxd6 cxd6 18. Na4 Nd7 19. Qc2 b5 20. Nc3 Bb7 21. a4 Rc8 22. axb5 axb5 23. Qb3 Ba6 24. Nb4 Nb8 25. Nxa6 Nxa6 26. Nxb5 Nc5 27.
Bxc5 dxc5 28. d6 Nc6 29. Bc4 Qd7 30. Bxf7+ Qxf7 31. Qxf7+ Kxf7 32. Rxc5 1-0

[Event "Early-Titled-Tuesday-Blitz-June-18-2024"]
[Site "Chess.com"]
[Date "2024.06.18"]
[Round "11"]
[White "Yan_Dyomin2010"]
[Black "ilqar_74"]
[Result "1-0"]
[WhiteElo "2681"]
[BlackElo "2816"]
[TimeControl "180+1"]
[EndTime "10:05:28 PDT"]
[Termination "Yan_Dyomin2010 won by resignation"]

1. e4 c5 2. Nf3 d6 3. d4 cxd4 4. Qxd4 Nc6 5. Bb5 Bd7 6. Bxc6 bxc6 7. c4 h6 8. Nc3 e5 9. Qd3 Nf6 10. O-O Be6 11. b3 Be7 12. Rd1 O-O 13. Ba3 Qa5 14.
Na4 Rfd8 15. h3 Bf8 16. Qe2 c5 17. Bb2 Rab8 18. Nc3 a6 19. Ne1 Qc7 20. Nc2 Qc6 21.
f3 a5 22. Ne3 Rb7 23. Rd2 Ra8 24. Rad1 g6 25. Nb5 a4 26. Nxd6 Rb4 27. Bxe5 Nd7 28. Bc3 axb3 29. Bxb4 cxb4 30. axb3 Nc5 31. Nb5 Nxb3 32.
Rb2 Na5 33. Nd4 Qb6 34. Nxe6 fxe6 35. Kh1 Bc5 36. Ng4 h5 37. Nf6+ Kf7 38. Nd7 Qc7 39. Nxc5 Qxc5 40. e5 Nxc4 41. Rc2 Rc8 42. Rdc1 b3 1-0

[Event "Early-Titled-Tuesday-Blitz-June-18-2024"]
[Site "Chess.com"]
[Date "2024.06.18"]
[Round "11"]
[White "EvgenyBurmakin"]
[Black "N_Mullodzhanov"]
[Result "1-0"]
[WhiteElo "2418"]
[BlackElo "2529"]
[TimeControl "180+1"]
[EndTime "10:05:28 PDT"]
[Termination "EvgenyBurmakin won by checkmate"]

1. e4 c5 2. Nc3 e6 3. Nf3 Nc6 4. d4 cxd4 5. Nxd4 a6 6. a3 Qc7 7.
Be3 Nf6 8. g4 Nxd4 9. Bxd4 Bc5 10.
g5 Bxd4 11. Qxd4 Nh5 12. Be2 e5 13. Nd5 Qb8 14. Qb6 Nf4 15. Nc7+ Kf8 16. Nxa8 Nxe2 17. Qd8# 1-0

[Event "Early-Titled-Tuesday-Blitz-June-18-2024"]
[Site "Chess.com"]
[Date "2024.06.18"]
[Round "11"]
[White "KevinGeorgeMicheal"]
[Black "santosalberto1987"]
[Result "1-0"]
[WhiteElo "2495"]
[BlackElo "2580"]
[TimeControl "180+1"]
[EndTime "10:05:31 PDT"]
[Termination "KevinGeorgeMicheal won by resignation"]

1. Nf3 d5 2. d4 Nf6 3. c4 c6 4. cxd5 cxd5 5. Nc3 Nc6 6. Bf4 Bf5 7. e3 e6 8. Bd3 Bxd3 9. Qxd3 Be7 10. O-O O-O 11. Rfc1 Rc8 12. h3 Na5 13. b3 Ba3 14. Rc2 Nc6 15. Nb5 Be7 16. Qe2 a6 17. Nc3 Ba3 18. Na4 Ne4 19. Nd2 Nxd2 20. Qxd2 Nb4 21. Rxc8 Qxc8 22.
Bd6 Nc2 23. Bxf8 1-0

[Event "Early-Titled-Tuesday-Blitz-June-18-2024"]
[Site "Chess.com"]
[Date "2024.06.18"]
[Round "11"]
[White "ChessSwole"]
[Black "Casper"]
[Result "1-0"]
[WhiteElo "2705"]
[BlackElo "2498"]
[TimeControl "180+1"]
[EndTime "10:05:34 PDT"]
[Termination "ChessSwole won by resignation"]

1. e4 d5 2. exd5 Qxd5 3. Nc3 Qa5 4. d4 Nf6 5. Nf3 Bg4 6. h3 Bh5 7. g4 Bg6 8. Ne5 Nbd7 9. Nc4 Qa6 10. Bf4 Qe6+ 11.
Ne3 Nb6 12. Nb5 Rc8 13. Nxa7 Ra8 14. Nb5 Rc8 15. Bg2 Nbd5 16. Be5 c6 17. Nc3 Nxc3 18. bxc3 Ne4 19. O-O f6 20. Bh2 h5 21. f4 Nxc3 22.
Qe1 hxg4 23. Qxc3 gxh3 24. Bf3 Be4 25. f5 Bxf5 26. Nxf5 Qxf5 27. Bxc6+ 1-0

[Event "Early-Titled-Tuesday-Blitz-June-18-2024"]
[Site "Chess.com"]
[Date "2024.06.18"]
[Round "11"]
[White "Schattman"]
[Black "Yaacovn"]
[Result "1-0"]
[WhiteElo "2514"]
[BlackElo "2799"]
[TimeControl "180+1"]
[EndTime "10:05:36 PDT"]
[Termination "Schattman won on time"]

1. Nf3 c6 2. g3 d5 3. Bg2 g6 4. O-O Bg7 5. d4 Nf6 6. c4 O-O 7. cxd5 cxd5 8. Ne5 Nc6 9. Nc3 e6 10. Nxc6 bxc6 11. b3 Nd7 12. Na4 Ba6 13. Ba3 Re8 14. Qd2 Bb5 15. Nc5 Nxc5 16. Bxc5 a5 17. a4 Ba6 18.
Rfe1 Qc7 19. f4 Bf8 20. Rec1 Bxc5 21. Rxc5 Bb7 22. e3 Qb6 23. Qc3 1-0

[Event "Early-Titled-Tuesday-Blitz-June-18-2024"]
[Site "Chess.com"]
[Date "2024.06.18"]
[Round "11"]
[White "cmunda"]
[Black "MeesvanOsch"]
[Result "1-0"]
[WhiteElo "2202"]
[BlackElo "2305"]
[TimeControl "180+1"]
[EndTime "10:05:40 PDT"]
[Termination "cmunda won by checkmate"]

1. e4 e6 2. d4 d5 3. Nc3 Nf6 4. Bd3 c5 5. exd5 exd5 6. Nf3 Nc6 7. dxc5 Bxc5 8. O-O O-O 9. Re1 Bg4 10. Bg5 Nd4 11.
Re5 Nxf3+ 12. gxf3 Be6 13. Qd2 Be7 14. Rae1 d4 15. Ne2 Kh8 16. Ng3 Nd7 17. Bxe7 Qxe7 18.
Rh5 g6 19. Qh6 f5 20. Rxe6 Qg7 21. Qxg7+ Kxg7 22. Re7+ Kg8 23. Rhxh7 Nf6 24. Reg7# 1-0

[Event "Early-Titled-Tuesday-Blitz-June-18-2024"]
[Site "Chess.com"]
[Date "2024.06.18"]
[Round "11"]
[White "pinelone"]
[Black "AljoschaFeuerstack"]
[Result "0-1"]
[WhiteElo "2470"]
[BlackElo "2644"]
[TimeControl "180+1"]
[EndTime "10:05:41 PDT"]
[Termination "AljoschaFeuerstack won by checkmate"]

1. Nf3 d5 2. d4 Nf6 3. c4 c6 4.
cxd5 cxd5 5. Nc3 Nc6 6. Bf4 g6 7. e3 Bg7 8. h3 O-O 9. Be2 Ne4 10. O-O Nxc3 11. bxc3 Bf5 12. c4 dxc4 13. Bxc4 Rc8 14. Rc1 Qa5 15. Bb3 Nb4 16. Qd2 Qb6 17. Ne5 Bxe5 18.
Bxe5 Nd3 19. Rxc8 Rxc8 20. g4 Nxe5 21. dxe5 Be6 22. Bxe6 Qxe6 23. f4 b5 24. Rd1 Qb6 25. Qd4 Qb7 26. Qd7 Rc7 27. Qe8+ Kg7 28. Rd4 Rc1+ 29.
Kf2 Rc2+ 30. Ke1 Qh1# 0-1

[Event "Early-Titled-Tuesday-Blitz-June-18-2024"]
[Site "Chess.com"]
[Date "2024.06.18"]
[Round "11"]
[White "Defenstrator"]
[Black "Oleg_Papayan"]
[Result "0-1"]
[WhiteElo "2382"]
[BlackElo "2545"]
[TimeControl "180+1"]
[EndTime "10:05:44 PDT"]
[Termination "Oleg_Papayan won by checkmate"]

1. e3 Nf6 2. Be2 d5 3. Nf3 c5 4. d4 Nc6 5. O-O Qc7 6. a3 e5 7. b4 e4 8. Nfd2 cxd4 9. b5 dxe3 10. bxc6 exd2 11. cxb7 dxc1=Q 12. bxa8=Q Qh6 13. g3 Bd6 14. Bb5+ Ke7 15. c4 Bg4 16. Qxh8 Bxd1 17. Rxd1 Ng4 18.
Qe8+ Kf6 19. h4 Bxg3 20. Nc3 Bxf2+ 21. Kf1 Nh2+ 22. Ke2 Qe3# 0-1

[Event "Early-Titled-Tuesday-Blitz-June-18-2024"]
[Site "Chess.com"]
[Date "2024.06.18"]
[Round "11"]
[White "InitiatingASC"]
[Black "ilovejokes555"]
[Result "0-1"]
[WhiteElo "2408"]
[BlackElo "2250"]
[TimeControl "180+1"]
[EndTime "10:05:45 PDT"]
[Termination "ilovejokes555 won by checkmate"]

1. d4 Nf6 2. c4 g6 3. Nc3 Bg7 4. e4 d6 5. Nf3 Bg4 6. Be2 Nfd7 7. h3 Bxf3 8. Bxf3 Nc6 9. Be3 e5 10. d5 Nd4 11. Qd2 O-O 12. O-O-O c5 13. Kb1 a6 14. Rdg1 Rb8 15. Bd1 b5 16. cxb5 axb5 17. g4 Nb6 18.
Bh6 Nc4 19. Qc1 b4 20. Bxg7 bxc3 21. Bxf8 Na3+ 22. Ka1 cxb2+ 23. Qxb2 Rxb2 24. Kxb2 Qb6+ 25. Bb3 Nc4+ 26. Kc3 Qb4+ 27. Kd3 Qd2+ 28. Kxc4 Kxf8 29. Rd1 Qe2+ 30. Kc3 Qxf2 31. Rhe1 Qg3+ 32. Kb2 Qxh3 33.
Rh1 Qxg4 34. Rde1 h5 35. Rhg1 Qh3 36. Ref1 Qh2+ 37. Ka3 Qd2 38. Rxg6 c4 39. Bxc4 Qc3+ 40.
Bb3 Nc2+ 41. Ka4 Qb4# 0-1

[Event "Early-Titled-Tuesday-Blitz-June-18-2024"]
[Site "Chess.com"]
[Date "2024.06.18"]
[Round "11"]
[White "masterofpuppets2"]
[Black "elis06"]
[Result "1-0"]
[WhiteElo "2475"]
[BlackElo "2360"]
[TimeControl "180+1"]
[EndTime "10:05:55 PDT"]
[Termination "masterofpuppets2 won by checkmate"]

1. d4 d5 2. c4 e6 3. Nf3 Nf6 4. Nc3 Be7 5. Bf4 O-O 6. e3 b6 7. Be2 Bb7 8. O-O Nbd7 9. cxd5 exd5 10. Rc1 c5 11. dxc5 Bxc5 12. Nb5 Qe7 13. a3 a5 14.
Nfd4 Ne5 15. Nf5 Qe6 16. Nbd4 Qe8 17. Bb5 Qb8 18. Bc6 Nfg4 19. Bxb7 Qxb7 20. h3 Bxd4 21.
exd4 Nc4 22. Qxg4 f6 23. Rfe1 g6 24. b3 Nxa3 25. Rc7 Qa6 26. Ree7 Rfe8 27. Rg7+ Kh8 28. Rxh7+ Kg8 29. Qxg6+ Kf8 30. Qf7# 1-0

[Event "Early-Titled-Tuesday-Blitz-June-18-2024"]
[Site "Chess.com"]
[Date "2024.06.18"]
[Round "11"]
[White "DmitryMaximov"]
[Black "doublesik"]
[Result "0-1"]
[WhiteElo "2771"]
[BlackElo "2612"]
[TimeControl "180+1"]
[EndTime "10:05:56 PDT"]
[Termination "doublesik won by resignation"]

1. e4 e6 2. d4 d5 3. e5 c5 4. c3 Nc6 5. Nf3 Bd7 6. Be2 Qb6 7. O-O Nge7 8. dxc5 Qxc5 9. Be3 Qa5 10. b4 Qc7 11. Bd4 Ng6 12. Re1 Be7 13. a3 O-O 14. Bd3 f6 15.
exf6 gxf6 16. Bxg6 hxg6 17. c4 e5 18. Bb2 d4 19. b5 Nd8 20. Bxd4 Ne6 21. Be3 Rad8 22. Qc2 Kg7 23. Qc1 Rh8 24. Nbd2 g5 25. Ne4 g4 26. Nfd2 Be8 27. Ng3 Bg6 28. Qb2 Nd4 29.
Bxd4 Rxd4 30. Rac1 Rhd8 31. Ndf1 Bc5 32. Ne3 Qc8 33.
Rcd1 Rxd1 34. Nxd1 Bd4 35. Qc1 Qc5 36. Ne3 Qc8 37.
a4 f5 38. Nexf5+ Bxf5 39. Qg5+ Bg6 40. Nf5+ Qxf5 41. Qe7+ Qf7 0-1

[Event "Early-Titled-Tuesday-Blitz-June-18-2024"]
[Site "Chess.com"]
[Date "2024.06.18"]
[Round "11"]
[White "GM-2024-GM"]
[Black "FerAsensio2024"]
[Result "1/2-1/2"]
[WhiteElo "2347"]
[BlackElo "2507"]
[TimeControl "180+1"]
[EndTime "10:05:58 PDT"]
[Termination "Game drawn by repetition"]

1. e4 c6 2. d4 d5 3. exd5 cxd5 4. Nf3 Nc6 5. Ne5 a6 6. Qh5 g6 7. Qf3 Nf6 8. c3 Bg7 9. Bd3 O-O 10. Bf4 Qb6 11.
Qe2 Bf5 12. Bxf5 gxf5 13. O-O e6 14. b3 Rac8 15. Qf3 Nxe5 16. Bxe5 Ne4 17. Bxg7 Kxg7 18. Qf4 Qc7 19. Qh4 Nxc3 20. Qg5+ Kh8 21. Qf6+ Kg8 22. Qg5+ Kh8 23. Qf6+ Kg8 24. Qg5+ Kh8 1/2-1/2

[Event "Early-Titled-Tuesday-Blitz-June-18-2024"]
[Site "Chess.com"]
[Date "2024.06.18"]
[Round "11"]
[White "djano"]
[Black "CristhianPortalR"]
[Result "0-1"]
[WhiteElo "2627"]
[BlackElo "2521"]
[TimeControl "180+1"]
[EndTime "10:06:02 PDT"]
[Termination "CristhianPortalR won by resignation"]

1. Nc3 d5 2. d4 Nf6 3. Bf4 Bf5 4. f3 Bg6 5. g4 e6 6. h4 h5 7. g5 Nfd7 8. e3 c5 9. Bd3 Bxd3 10. Qxd3 g6 11.
Nge2 Nc6 12. a3 Bg7 13. dxc5 Nxc5 14. Qb5 Qe7 15. Nd4 O-O 16. Nxc6 bxc6 17. Qxc6 Rac8 18. Qd6 Qb7 19. Bh2 Rfd8 20. Qg3 Qxb2 21. O-O Qxc3 22. Rab1 Qxe3+ 23. Kh1 Qxa3 24. Qf4 Qa4 25. Rb4 Qxc2 26.
Bg1 Nd3 27. Qxf7+ Kxf7 0-1

[Event "Early-Titled-Tuesday-Blitz-June-18-2024"]
[Site "Chess.com"]
[Date "2024.06.18"]
[Round "11"]
[White "Goryachkina"]
[Black "Pelusiansky"]
[Result "0-1"]
[WhiteElo "2663"]
[BlackElo "2478"]
[TimeControl "180+1"]
[EndTime "10:06:04 PDT"]
[Termination "Pelusiansky won by resignation"]

1. e4 e5 2. Nf3 Nf6 3. Nxe5 d6 4. Nf3 Nxe4 5. Nc3 Nf6 6. d4 Be7 7. Bg5 O-O 8. Qd2 a5 9. O-O-O c6 10. Bd3 Na6 11. h4 Nb4 12. Kb1 Nxd3 13. Qxd3 a4 14.
h5 h6 15. Bc1 Re8 16. Nh4 Qa5 17. f3 b5 18. Ne4 Be6 19. Nxf6+ Bxf6 20. Nf5 b4 21. Nxd6 Qd5 0-1

[Event "Early-Titled-Tuesday-Blitz-June-18-2024"]
[Site "Chess.com"]
[Date "2024.06.18"]
[Round "11"]
[White "Alenzer"]
[Black "abelmat"]
[Result "1/2-1/2"]
[WhiteElo "2158"]
[BlackElo "2047"]
[TimeControl "180+1"]
[EndTime "10:06:07 PDT"]
[Termination "Game drawn by repetition"]

1. e4 e6 2. d4 d5 3. exd5 exd5 4. c4 Nf6 5. Nc3 Bb4 6. Nf3 O-O 7. Bd3 Re8+ 8. Be3 Ng4 9. O-O Bxc3 10. bxc3 Nxe3 11. fxe3 Rxe3 12. Ne5 f6 13. Bxh7+ Kxh7 14. Qh5+ Kg8 15. Qf7+ Kh7 16. Qg6+ Kg8 17. Qf7+ Kh7 18. Qh5+ Kg8 19. Qf7+ 1/2-1/2

[Event "Early-Titled-Tuesday-Blitz-June-18-2024"]
[Site "Chess.com"]
[Date "2024.06.18"]
[Round "11"]
[White "marvinguevara"]
[Black "Sofia_Blokhin"]
[Result "1-0"]
[WhiteElo "2156"]
[BlackElo "2288"]
[TimeControl "180+1"]
[EndTime "10:06:08 PDT"]
[Termination "marvinguevara won by checkmate"]

1. e4 c5 2. Nf3 e6 3. d4 cxd4 4. c3 dxc3 5. Nxc3 Nc6 6. Bc4 d6 7. O-O Nf6 8. Qe2 a6 9. Rd1 Qc7 10. Bf4 e5 11. Bg5 Bg4 12. Bxf6 gxf6 13. Nd5 Qd8 14.
h3 Be6 15. Rac1 Bh6 16. Rc2 Bxd5 17. Bxd5 Nb4 18. Rc4 Nxd5 19. Rxd5 Qe7 20. Nh4 Bf8 21. Nf5 Qd7 22. Qd2 Rd8 23. Qc2 Rg8 24. Rc7 Qe6 25.
Rxb7 Rc8 26. Qa4+ Kd8 27. Qxa6 Rg5 28. Nxd6 Rc1+ 29. Kh2 Qxh3+ 30. gxh3 Rcg1 31. Nxf7+ Ke8 32. Qe6+ Be7 33. Rd8# 1-0

[Event "Early-Titled-Tuesday-Blitz-June-18-2024"]
[Site "Chess.com"]
[Date "2024.06.18"]
[Round "11"]
[White "pfalcon1949"]
[Black "UnTucopalaTimba"]
[Result "0-1"]
[WhiteElo "1797"]
[BlackElo "2100"]
[TimeControl "180+1"]
[EndTime "10:06:17 PDT"]
[Termination "UnTucopalaTimba won by resignation"]

1. e4 c6 2. d4 d5 3. e5 Bf5 4. h4 h5 5. Bg5 Qb6 6. Bd3 Qxd4 7.
Bxf5 Qxe5+ 8. Ne2 Qxf5 9. Nbc3 f6 10. Be3 e5 11. Nxd5 cxd5 12. Qxd5 Qd7 13. Qf3 Nc6 14.
O-O Qg4 15. Qd5 Rd8 16. Qb5 Qc8 17. f4 a6 18. Qa4 Qg4 19. Rae1 Bd6 20. Qb3 b5 21.
fxe5 Nxe5 22. Rf4 Qd7 23. Nd4 Nh6 24. Ne6 Rc8 25. Rd4 Nhg4 26. Bf4 Rc4 27. Rxc4 bxc4 28.
Qxc4 Nxc4 29. Nxg7+ Kf7 30. Bxd6 Nxd6 0-1

[Event "Early-Titled-Tuesday-Blitz-June-18-2024"]
[Site "Chess.com"]
[Date "2024.06.18"]
[Round "11"]
[White "Matols"]
[Black "Gumugama"]
[Result "1-0"]
[WhiteElo "2348"]
[BlackElo "2252"]
[TimeControl "180+1"]
[EndTime "10:06:21 PDT"]
[Termination "Matols won on time"]

1. d4 Nf6 2. c4 g6 3. g3 Bg7 4. Nc3 O-O 5. Bg2 d6 6. Nf3 c5 7. d5 e5 8. O-O a5 9. e4 Nfd7 10. Nb5 Nb6 11. Qe2 h6 12. Ne1 f5 13. f4 exf4 14.
Bxf4 Rf6 15. e5 dxe5 16. Bxe5 Rf7 17. Bxg7 Kxg7 18. Nf3 Qf6 19. Rae1 Na6 20. b3 Bd7 21.
Ne5 Re7 22. Nxd7 Rxe2 23. Nxf6 Rxe1 24. Nh5+ gxh5 25. Rxe1 a4 26. Re7+ Kf6 27. Rxb7 Nc8 28. d6 Nb4 29. d7 Ne7 30. Rb6+ 1-0

[Event "Early-Titled-Tuesday-Blitz-June-18-2024"]
[Site "Chess.com"]
[Date "2024.06.18"]
[Round "11"]
[White "HATilay"]
[Black "BardArtem"]
[Result "0-1"]
[WhiteElo "2657"]
[BlackElo "2854"]
[TimeControl "180+1"]
[EndTime "10:06:23 PDT"]
[Termination "BardArtem won on time"]

1. e4 e5 2. Nf3 Nc6 3. Bb5 Nge7 4.
c3 d5 5. d3 dxe4 6. dxe4 Qxd1+ 7. Kxd1 f6 8. Be3 Bd7 9. Nbd2 O-O-O 10. a4 a6 11. Bc4 a5 12. Bb5 Be6 13. Kc2 g5 14. h3 h5 15. Bc4 Bxc4 16. Nxc4 Ng6 17. Rab1 Rh7 18. b3 Rhd7 19. Rbd1 b6 20. Rxd7 Rxd7 21.
h4 g4 22. Ng1 Nge7 23. Ne2 f5 24. exf5 Nxf5 25. Bxb6 cxb6 26. Nxb6+ Kc7 27. Nxd7 Kxd7 28.
Rd1+ Ke6 29. Nc1 g3 30. Rf1 Bc5 31. Nd3 Bxf2 32. Kd2 e4 0-1

[Event "Early-Titled-Tuesday-Blitz-June-18-2024"]
[Site "Chess.com"]
[Date "2024.06.18"]
[Round "11"]
[White "LangesNasenhaar"]
[Black "glucolisis04"]
[Result "1-0"]
[WhiteElo "2461"]
[BlackElo "2272"]
[TimeControl "180+1"]
[EndTime "10:06:24 PDT"]
[Termination "LangesNasenhaar won by resignation"]

1. Nf3 d5 2. e3 Nf6 3. c4 c6 4. b3 Bf5 5. Nc3 e6 6. d4 Bb4 7. Bb2 Ne4 8. Rc1 Qa5 9. a3 Nxc3 10. axb4 Nxd1 11. bxa5 Nxb2 12. Rc3 dxc4 13. bxc4 Na6 14.
Nh4 Ke7 15. Nxf5+ exf5 16. Rb3 Na4 17. Rxb7+ Kf6 18. c5 Rhb8 19. Bxa6 Rxb7 20. Bxb7 Rb8 21. a6 Nb2 22. O-O Nc4 23. Bxc6 Na5 24. Bf3 Ke6 25. d5+ Ke5 26. h3 g5 27. c6 Rb6 28. c7 Rxa6 1-0

[Event "Early-Titled-Tuesday-Blitz-June-18-2024"]
[Site "Chess.com"]
[Date "2024.06.18"]
[Round "11"]
[White "NikitaShnadrygin"]
[Black "maximnovik"]
[Result "1-0"]
[WhiteElo "2748"]
[BlackElo "2566"]
[TimeControl "180+1"]
[EndTime "10:06:26 PDT"]
[Termination "NikitaShnadrygin won by resignation"]

1. e4 e5 2. Nf3 Nc6 3. Bb5 a6 4.
Ba4 Nf6 5. d3 d6 6. O-O Bd7 7.
c3 g6 8. h3 Bg7 9. Re1 O-O 10.
Nbd2 Qe8 11. Nf1 Kh8 12. Bc2 Nh5 13. g4 Nf6 14. Ng3 Ng8 15. d4 Rd8 16. Be3 Nce7 17. Qd2 f5 18. exf5 gxf5 19. Bg5 fxg4 20. Nh4 gxh3 21.
Qd3 Ng6 22. Bxd8 Qxd8 23. Nxg6+ hxg6 24. Qxg6 Nf6 25. dxe5 dxe5 26. Rxe5 Be8 27. Rh5+ Kg8 28. Bb3+ Bf7 29. Nf5 Nxh5 30. Bxf7+ Rxf7 31. Nh6+ 1-0

[Event "Early-Titled-Tuesday-Blitz-June-18-2024"]
[Site "Chess.com"]
[Date "2024.06.18"]
[Round "11"]
[White "Chessmatenokk17"]
[Black "rockstar0902"]
[Result "1-0"]
[WhiteElo "2788"]
[BlackElo "2613"]
[TimeControl "180+1"]
[EndTime "10:06:30 PDT"]
[Termination "Chessmatenokk17 won by resignation"]

1. e4 e5 2. Nf3 Nc6 3. Bc4 Nf6 4. Ng5 d5 5. exd5 Na5 6. Bb5+ c6 7. dxc6 bxc6 8. Bd3 Nd5 9. Nf3 Bd6 10. O-O Nf4 11.
Re1 Nxd3 12. cxd3 O-O 13. Nc3 Re8 14. Ne4 Bf8 15. b3 Qxd3 16. Bb2 f6 17. Rc1 Bf5 18. Re3 Qd5 19. Ng3 Bg4 20. d4 Rad8 21. Qe1 g6 22. dxe5 Bh6 23. Ne4 Re6 24. Nxf6+ Rxf6 25. exf6 Bxe3 26.
Qxe3 Bxf3 27. Qxf3 Qxf3 28. gxf3 Kf7 29. b4 Nb7 30.
Rxc6 Rd7 31. Be5 Nd8 32. Rc7 Rxc7 33. Bxc7 Nc6 34. b5 Nd4 35. a4 Ne2+ 36. Kg2 Nc3 37. Bb8 Nxa4 38. Bxa7 Kxf6 39. Bd4+ Ke6 40. Kg3 Kd5 41.
Be3 Nc3 42. b6 Kc6 43. Kg4 Nd5 44. Kg5 Nxe3 45. fxe3 Kxb6 46. Kh6 Kc5 47. Kxh7 1-0

[Event "Early-Titled-Tuesday-Blitz-June-18-2024"]
[Site "Chess.com"]
[Date "2024.06.18"]
[Round "11"]
[White "AlexanderKing"]
[Black "Sprinc1"]
[Result "1-0"]
[WhiteElo "2539"]
[BlackElo "2292"]
[TimeControl "180+1"]
[EndTime "10:06:30 PDT"]
[Termination "AlexanderKing won by resignation"]

1. e4 d5 2. exd5 Qxd5 3. d4 Nf6 4. Nf3 c6 5. c4 Qe4+ 6. Be2 Bg4 7. Nc3 Qe6 8. O-O Bxf3 9. Bxf3 Qxc4 10. d5 e6 11. Re1 Bb4 12. dxe6 O-O 13. exf7+ Rxf7 14. Bd2 Nbd7 15.
a3 Bf8 16. Rc1 Rd8 17. Be3 Qh4 18. g3 Qh3 19. Bg2 Qg4 20. Bxa7 Qxd1 21. Rcxd1 Re7 22. Rxe7 Bxe7 23. Be3 Bc5 24. Bxc5 1-0

[Event "Early-Titled-Tuesday-Blitz-June-18-2024"]
[Site "Chess.com"]
[Date "2024.06.18"]
[Round "11"]
[White "falzehope0"]
[Black "bazar-wokzal"]
[Result "0-1"]
[WhiteElo "2447"]
[BlackElo "2588"]
[TimeControl "180+1"]
[EndTime "10:06:31 PDT"]
[Termination "bazar-wokzal won by resignation"]

1. d4 Nf6 2. e3 g6 3. Bd3 Bg7 4. f4 O-O 5. Nf3 d6 6. O-O Nc6 7. e4 e5 8. d5 Nb4 9. fxe5 dxe5 10. Be3 Ng4 11. Bc5 Nxd3 12. Qxd3 Re8 13. Nbd2 b6 14. Ba3 a5 15. c4 c6 16. Rfc1 cxd5 17. cxd5 Ba6 18. Qb3 Bh6 19. Rc3 b5 20. Bc5 b4 21.
Rc2 Rc8 22. Bf2 Nxf2 23. Kxf2 Qb6+ 24. Ke1 a4 25. Qxa4 Qe3+ 26. Kd1 Qe2+ 27. Kc1 Rxc2+ 28. Kxc2 Rc8+ 29. Kb1 Bd3+ 0-1

[Event "Early-Titled-Tuesday-Blitz-June-18-2024"]
[Site "Chess.com"]
[Date "2024.06.18"]
[Round "11"]
[White "NailBashirli"]
[Black "Zohid6"]
[Result "0-1"]
[WhiteElo "2751"]
[BlackElo "2966"]
[TimeControl "180+1"]
[EndTime "10:06:32 PDT"]
[Termination "Zohid6 won on time"]

1. e4 e6 2. d4 d5 3. Nd2 h6 4.
Bd3 Nf6 5. e5 Nfd7 6. c3 c5 7. Ne2 Nc6 8. O-O Qb6 9. dxc5 Nxc5 10.
Bc2 Nxe5 11. Nd4 Nc6 12. N2f3 Bd7 13. Re1 Be7 14. b4 Nxd4 15. Nxd4 Ne4 16. Bxe4 dxe4 17. Rxe4 Rc8 18. Re3 Bb5 19. Qh5 Bc4 20. Rg3 Bf6 21.
Be3 Qd8 22. Re1 Qd5 23. Qg4 Bxa2 24. Bf4 h5 25. Qd1 h4 26. Rf3 O-O 27. Be3 Rfd8 28. Qa1 Bc4 29. h3 e5 30. Nf5 Bd3 31. Rd1 Qe6 32.
g4 Be2 33. Rxd8+ Rxd8 0-1

[Event "Early-Titled-Tuesday-Blitz-June-18-2024"]
[Site "Chess.com"]
[Date "2024.06.18"]
[Round "11"]
[White "gpsji27"]
[Black "MaxLeto"]
[Result "1-0"]
[WhiteElo "2348"]
[BlackElo "2431"]
[TimeControl "180+1"]
[EndTime "10:06:35 PDT"]
[Termination "gpsji27 won by checkmate"]

1. d4 h5 2. e4 h4 3. h3 d6 4. Nc3 e5 5. Nf3 Nc6 6. Bb5 exd4 7. Nxd4 Bd7 8. O-O Nf6 9. Bxc6 bxc6 10. e5 dxe5 11.
Re1 Bd6 12. f4 Rh5 13. Nf3 e4 14. Nxe4 Nxe4 15. Rxe4+ Kf8 16. Ne5 Bf5 17. Qxh5 Bxe5 18. Qh8+ Ke7 19. Rxe5+ Be6 20. Qxh4+ Kd7 21. Qxd8+ Rxd8 22.
Be3 a6 23. Rd1+ Kc8 24. Rxd8+ Kxd8 25. f5 Bxa2 26. b3 Bb1 27. Rc5 Kd7 28. Kf2 f6 29.
Ke2 Kd6 30. Kd2 a5 31. Kc1 Ba2 32. Kb2 a4 33. Kxa2 a3 34. Kxa3 g5 35. b4 g4 36.
Bf4+ Kd7 37. h4 g3 38. h5 Ke7 39. h6 Kf7 40. Rxc6 Kg8 41. Rxc7 Kh8 42. b5 Kg8 43. b6 Kf8 44. b7 Ke8 45. b8=Q# 1-0

[Event "Early-Titled-Tuesday-Blitz-June-18-2024"]
[Site "Chess.com"]
[Date "2024.06.18"]
[Round "11"]
[White "pineapplehhh"]
[Black "teresin05"]
[Result "0-1"]
[WhiteElo "2112"]
[BlackElo "2293"]
[TimeControl "180+1"]
[EndTime "10:06:35 PDT"]
[Termination "teresin05 won by resignation"]

1. e4 c5 2. Nf3 Nc6 3. d4 cxd4 4. Nxd4 Nf6 5. Nc3 d6 6. Bg5 e6 7. Qd3 Be7 8. O-O-O O-O 9. f4 Bd7 10. Bxf6 Bxf6 11. Nxc6 Bxc6 12. Qxd6 Qxd6 13. Rxd6 Bxc3 14. bxc3 Bxe4 15. Rd4 Bc6 16. Rd2 Rac8 17. Bd3 Bd5 18. Kb2 Rc6 19. f5 Rfc8 20. fxe6 Bxe6 21. Rhd1 Rb6+ 22.
Ka1 Rxc3 23. Bc4 g6 24. Bxe6 Rxe6 25. Rd8+ Kg7 26. Kb2 Rcc6 27. R1d7 Re2 28. Rxb7 Rcxc2+ 29. Kb1 Rxg2 30. Rdd7 Rcf2 31. Rd1 Rxa2 32. Rf1 Raf2 33. Rxf2 Rxf2 34. h4 a5 35. Ra7 Rf5 36. Kb2 g5 37.
Kb1 gxh4 0-1

[Event "Early-Titled-Tuesday-Blitz-June-18-2024"]
[Site "Chess.com"]
[Date "2024.06.18"]
[Round "11"]
[White "Dewarfd"]
[Black "Nasrin_Babayeva"]
[Result "1-0"]
[WhiteElo "2138"]
[BlackElo "1989"]
[TimeControl "180+1"]
[EndTime "10:06:35 PDT"]
[Termination "Dewarfd won by resignation"]

1. Nf3 d5 2. c4 dxc4 3. Na3 Be6 4.
Qc2 Qd5 5. g3 b5 6. Bg2 c6 7. O-O Bf5 8. Qc3 e6 9. Nd4 Be4 10. f3 Bc5 11. e3 b4 12. fxe4 Qg5 13. Nf3 Qxe3+ 14. Qxe3 Bxe3+ 15. dxe3 bxa3 16. bxa3 Nf6 17. Ne5 O-O 18. Nxc4 Nbd7 19. Bb2 Rab8 20. Bc3 Rfd8 21.
Rab1 1-0